 Dungeon Sprint DCSS version 0.30-a0-341-g682706514a (webtiles) character file.

Game seed: 3888160951550053836

252 Hubris850 the Martial Artist (level 6, -7/51 HPs)
             Began as a Merfolk Transmuter on Nov 4, 2022.
             Was an Initiate of Sif Muna.
             Mangled by a fire elemental (16 damage)
             ... summoned by a deep elf pyromancer
             ... in the Dungeon (Sprint V: "Ziggurat Sprint").
             The game lasted 00:03:10 (244 turns).

Hubris850 the Martial Artist (Merfolk Transmuter)    Turns: 244, Time: 00:03:11

Health: -7/51      AC:  7    Str: 22    XL:     6   Next: 13%
Magic:  11/15      EV: 10    Int: 14    God:    Sif Muna [......]
Gold:   0          SH:  0    Dex: 15    Spells: 12/17 levels left

rFire   x . .      SeeInvis .      - Unarmed
rCold   + + +      Faith    .    (shield currently unavailable)
rNeg    . . .      Spirit   .    (body armour currently unavailable)
rPois   +          Reflect  .    (helmet currently unavailable)
rElec   .          Harm     .    (cloak currently unavailable)
rCorr   .          Rampage  .    (gloves currently unavailable)
Will    .....      NoTele   +    (boots currently unavailable)
Stlth   +.........               (no amulet)
HPRegen 0.28/turn                A - +6 ring of strength
MPRegen 0.14/turn                B - +6 ring of strength

@: ice-form
A: freezing attack, boosted hp, large, (nimble swimmer 2), (mertail)
a: End Transformation, Renounce Religion


You were in the Dungeon.
You worshipped Sif Muna.
Sif Muna was noncommittal.
You were a creature of crystalline ice.
You visited 1 branch

Inventory:

Hand Weapons
 C - the +7 Singing Sword (melded) {vorpal, sonic wave}
   (You found it in the Dungeon)

   It inflicts extra damage upon your enemies.
   It radiates damaging sonic waves as it strikes, especially in combat
   involving dangerous or numerous foes.
 D - the +8 lance "Wyrmbane" {slay drac, rPois rF+ rC+ AC+3}
   (You found it in the Dungeon)

   It inflicts extra damage against dragons and draconians.
   AC:        It affects your AC (+3).
   rF:        It protects you from fire.
   rC:        It protects you from cold.
   rPois:     It protects you from poison.
Armour
 a - a +0 robe
 i - +5 fire dragon scales
 j - a +3 buckler
Jewellery
 v - a ring of flight
 w - a +6 ring of dexterity
 x - a +6 ring of dexterity
 y - a +6 ring of intelligence
 z - a +6 ring of intelligence
 A - a +6 ring of strength (left front paw)
 B - a +6 ring of strength (right front paw)
Wands
 t - a wand of mindburst (7)
 u - a wand of light (7)
Scrolls
 h - 4 scrolls of blinking
 k - 4 scrolls of amnesia
 l - 7 scrolls of butterflies
 m - 5 scrolls of identify
 n - 2 scrolls of fear
Potions
 b - a potion of lignification
 c - 10 potions of curing
 d - 9 potions of heal wounds
 e - 5 potions of haste
 f - 7 potions of magic
 g - 3 potions of berserk rage
 o - 2 potions of brilliance
 p - 2 potions of invisibility
 q - 4 potions of resistance
 s - 4 potions of might


   Skills:
 - Level 1.1 Fighting
 - Level 2.6 Dodging
 * Level 10.2 Unarmed Combat
 - Level 6.0 Spellcasting
 + Level 8.6 Transmutations
 + Level 3.3 Ice Magic


You had 12 spell levels left.
You knew the following spells:

 Your Spells              Type           Power      Damage    Failure   Level
a - Beastly Appendage     Tmut           56%        N/A       1%          1
b - Ice Form              Ice/Tmut       21%        N/A       13%         4

Your spell library contained the following spells:

 Spells                   Type           Power      Damage    Failure   Level
 Wereblood                Tmut           28%        N/A       1%          2
 Spider Form              Tmut/Pois      16%        N/A       8%          3


Dungeon Overview and Level Annotations

Branches:
Dungeon (1/1)

Altars:
Ashenzari
Cheibriados
Dithmenos
Elyvilon
Fedhas
Gozag
Hepliaklqana
Kikubaaqudgha
Makhleb
Nemelex Xobeh
Okawaru
Qazlal
Ru
Sif Muna
Trog
Uskayaw
Vehumet
Wu Jian
Xom
Yredelemnul
Zin
The Shining One
Jiyva
Lugonu

Annotations:
D 1 transporter


Innate Abilities, Weirdness & Mutations

You are a creature of crystalline ice.
You have a powerful freezing melee attack.
Your maximum health is increased.
Your armour is entirely melded.
You are incapable of wielding weapons or throwing items.
((You are very nimble when in or above water. (Stealth+, EV+, Speed+++)))
((Your lower body shifts to a powerful aquatic tail in water.))


Message History

Casting: Beastly Appendage (safe; 1% risk of failure)
Confirm with . or Enter, or press ? or * to list all spells.
The spell is quite dangerous to miscast (13% risk of failure)!
Continue anyway?
You miscast Ice Form.
You are very lightly contaminated with residual magic.
You feel extremely cold!
You start resting.
Your magical contamination has completely faded away.
You start resting.
Magic restored.
You start resting.
HP restored.
Casting: Ice Form (quite dangerous; 13% risk of failure)
Confirm with . or Enter, or press ? or * to list all spells.
The spell is quite dangerous to miscast (13% risk of failure)!
Continue anyway?
You turn into a creature of crystalline ice.
The +7 Singing Sword {vorpal, sonic wave} melds into your body.
The Singing Sword sighs.
Welcome to arena 2.
You enter the transporter and appear at another place.
A deep elf pyromancer, a deep elf archer and a +3 flail of protection come into view.
The deep elf pyromancer shouts!
The deep elf archer shouts!
Found three items.
Found a transporter.
The deep elf pyromancer mumbles some strange words.
The +3 flail of protection hits you!!
You barely miss the +3 flail of protection.
The +3 flail of protection hits you.
The deep elf pyromancer mumbles some strange words.
The deep elf pyromancer blinks!
You pummel the +3 flail of protection!! You freeze the +3 flail of protection.
The +3 flail of protection is almost destroyed.
The +3 flail of protection closely misses you.
You hit the +3 flail of protection but do no damage.
The +3 flail of protection is almost destroyed.
The +3 flail of protection hits you!
* * * LOW HITPOINT WARNING * * *
The deep elf archer hits you but does no damage.
The fire elemental hits you. The fire elemental burns you!
The fire burns you terribly!
You die...

▓▓▓▓▓▓▓▓▓▓▓▓▓
▓.8°8.▓.8©8.▓
▓.:○).▓.....▓
▓°.☼..▓.).}.▓
▓.°Ee.▓.....▓
▓.E(e.▓..)..▓
▓..Y..▓..©..▓
▓..©..▓▓▓▓▓▓▓
▓▓▓▓▓▓▓


You could see a deep elf archer (repels missiles), a deep elf pyromancer, 2 fire
elementals and a +3 flail of protection.

Vanquished Creatures
  A spriggan (D)
  A black bear (D)
2 creatures vanquished.

Notes
Turn   | Place    | Note
-------+----------+-------------------------------------------
     0 | D        | Hubris850 the Merfolk Transmuter began the quest for the
                  | Orb.
     0 | D        | Reached XP level 1. HP: 15/15 MP: 3/3
    15 | D        | Found a blossoming altar of Fedhas.
    15 | D        | Found the +6 Majin-Bo {vamp, MP+6 Int+6}
    15 | D        | Found the +9 heavy crossbow "Sniper" {vorpal, Acc+∞ SInv}
    15 | D        | Found the +10 dark maul {vorpal}
    15 | D        | Found the +15 Maxwell's patent armour {-Cast -Tele rElec
                  | Will+ rCorr}
    15 | D        | Found the +18 shield of the Gong {rElec rN+ Will+ EV-5}
    15 | D        | Found the +14 obsidian axe {vorpal, Mesm Drain Fly SInv}
    15 | D        | Found the +7 great mace "Firestarter" {inner flame, rF++}
    15 | D        | Found the +6 shillelagh "Devastator" {shatter}
    15 | D        | Found the +11 plutonium sword {Contam Stlth-}
    15 | D        | Found the +8 lance "Wyrmbane" {slay drac, rPois rF+ rC+
                  | AC+3}
    15 | D        | Found the +9 sword of Zonguldrok {reap}
    15 | D        | Found the +13 scythe of Curses {drain, Drain}
    15 | D        | Found the +5 sword of Power {vorpal}
    15 | D        | Found the +7 mace of Variability {chain chaos}
    15 | D        | Found the +7 Singing Sword {vorpal, sonic wave}
    15 | D        | Found the +8 storm bow {elec, penet}
    22 | D        | Found a viscous altar of Jiyva.
    22 | D        | Found a hazy altar of Hepliaklqana.
    22 | D        | Found a transporter.
    22 | D        | Found an opulent altar of Gozag.
    22 | D        | Found an ancient bone altar of Kikubaaqudgha.
    22 | D        | Found a corrupted altar of Lugonu.
    30 | D        | Found a burning altar of Makhleb.
    31 | D        | Found a sacrificial altar of Ru.
    31 | D        | Found a shimmering blue altar of Sif Muna.
    31 | D        | Found a stormy altar of Qazlal.
    31 | D        | Found a bloodstained altar of Trog.
    31 | D        | Found an iron altar of Okawaru.
    31 | D        | Found a sparkling altar of Nemelex Xobeh.
    83 | D        | Became a worshipper of Sif Muna the Loreminder
    84 | D        | Reached skill level 6 in Unarmed Combat
    84 | D        | Reached skill level 5 in Transmutations
    84 | D        | Reached XP level 2. HP: 21/21 MP: 3/6
    94 | D        | Entered arena 2.
    94 | D        | Noticed a spriggan
    94 | D        | Noticed a black bear
    94 | D        | Found a transporter.
   101 | D        | Killed a spriggan
   102 | D        | Reached skill level 9 in Unarmed Combat
   102 | D        | Reached skill level 5 in Spellcasting
   102 | D        | Reached XP level 3. HP: 15/26 MP: 4/9
   102 | D        | Reached XP level 4. HP: 18/32 MP: 4/11
   102 | D        | Reached XP level 5. HP: 21/37 MP: 4/12
   103 | D        | Killed a black bear
   104 | D        | Reached skill level 10 in Unarmed Combat
   104 | D        | Reached XP level 6. HP: 25/43 MP: 5/15
   109 | D        | Learned a level 4 spell: Ice Form
   240 | D        | Entered arena 3.
   240 | D        | Noticed a deep elf pyromancer
   240 | D        | Noticed a deep elf archer
   240 | D        | Noticed a +3 flail of protection
   240 | D        | Found a transporter.
   242 | D        | Noticed a fire elemental
   242 | D        | Noticed a fire elemental
   244 | D        | Mangled by a fire elemental

Illustrated notes

Levels and vault maps discovered:
D:        sprint_v [room_start, room_1, room_2, room_3, room_4, room_5, room_6,
          room_7, room_8, room_9, room_10, room_11, room_12, room_13, room_14,
          room_15, room_16, room_17, room_18, room_19, room_20, room_21,
          room_22, room_23, room_24, room_25, room_26, room_27]

Skill      XL: |  1  2  3  4  5 |
---------------+----------------+-----
Unarmed Combat | 6 9 10 | 10.2
Spellcasting   | 3 5 6 |  6.0
Transmutations | 5 7 8 |  8.6
Ice Magic      | 3 |  3.3
Fighting       | |  1.1
Dodging        | |  2.6

Action                   |  1- 3 |  4- 6 || total
-------------------------+-------+-------++-------
Melee: Double sword      |     4 |     2 ||     6
       Unarmed           |       |     3 ||     3
 Cast: Ice Form          |       |     1 ||     1
  Use: Potion            |     4 |       ||     4
Armor: Fire dragon scale |     8 |       ||     8
       Skin              |       |     2 ||     2
Dodge: Dodged            |     7 |     1 ||     8
Block: Buckler           |     4 |       ||     4

Table legend: (Time is in decaauts)
 A = Elapsed time spent in this place.
 B = Non-inter-level travel time spent in this place.
 C = Inter-level travel time spent in this place.
 D = Time resting spent in this place.
 E = Time spent auto-exploring this place.
 F = Levels seen in this place.
 G = Mean time per level.
                   A        B        C        D        E       F      G
               +--------+--------+--------+--------+--------+-----+--------+
         Total |    226 |    226 |      0 |    102 |      0 |   1 |  226.0 |
       Dungeon |    226 |    226 |      0 |    102 |      0 |   1 |  226.0 |
               +--------+--------+--------+--------+--------+-----+--------+

Top non-repeatable levels by time:
       D: 226 daAuts
